 Dungeon Crawl Stone Soup version 0.26.0-16-gc1dbca0489 (webtiles) character file.

Game seed: 6511607417826587199

71 thiole the Sneak (level 4, 0/27 HPs)
             Began as an Octopode Hedge Wizard on Jan 19, 2021.
             Slain by a gnoll
             ... wielding a +0 halberd
              (13 damage)
             ... on level 2 of the Dungeon.
             The game lasted 00:02:42 (1779 turns).

thiole the Sneak (Octopode Hedge Wizard)            Turns: 1779, Time: 00:02:43

Health: 0/27       AC:  1    Str:  9    XL:     4   Next: 24%
Magic:  0/9        EV: 13    Int: 17    God:
Gold:   39         SH:  0    Dex: 11    Spells: 4/10 levels left

rFire    . . .     SeeInvis .   a - +0 dagger
rCold    . . .     Faith    .   (no shield)
rNeg     . . .     Spirit   +   b - +0 hat
rPois    .         Reflect  .   g - amulet of guardian spirit
rElec    .         Harm     .   (no ring)
rCorr    .         Rampage  .   (no ring)
Will     .....                  (no ring)
Stlth    +++.......             (no ring)
HPRegen  0.09/turn              (no ring)
MPRegen  0.11/turn              (no ring)
                                (no ring)
                                (no ring)

@: no status effects
A: almost no armour, stealthy swim, amphibious, 8 rings, constrict 8, camouflage
1, gelatinous body 1
a: no special abilities


You were on level 2 of the Dungeon.
You visited 1 branch of the dungeon, and saw 2 of its levels.

You collected 39 gold pieces.

Inventory:

Hand Weapons
 a - a +0 dagger (weapon)
Armour
 b - a +0 hat (worn)
Jewellery
 g - an amulet of guardian spirit (around mantle)
Scrolls
 d - a scroll of teleportation {unknown}
 f - a scroll of random uselessness {unknown}
 h - a scroll of enchant weapon {unknown}


   Skills:
 - Level 2.0 Dodging
 + Level 3.8 Stealth
 + Level 3.5 Spellcasting
 - Level 2.0 Conjurations
 - Level 2.0 Summonings
 - Level 1.0 Translocations
 * Level 0.1 Air Magic
 * Level 0.2 Poison Magic


You had 4 spell levels left.
You knew the following spells:

 Your Spells              Type           Power        Failure   Level
a - Magic Dart            Conj           36%          8%          1
b - Call Imp              Summ           9%           11%         2
c - Mephitic Cloud        Conj/Pois/Air  5%           34%         3

Your spell library contained the following spells:

 Spells                   Type           Power        Failure   Level
 Blink                    Tloc           N/A          17%         2
 Slow                     Hex            2%           26%         2
 Conjure Flame            Conj/Fire      6%           32%         3


Dungeon Overview and Level Annotations

Branches:
Dungeon (2/15)

Altars:


Innate Abilities, Weirdness & Mutations

You cannot wear most types of armour.
You are very stealthy in the water. (Stealth+)
You are amphibious.
You can wear up to eight rings at the same time.
You can use your tentacles to constrict eight enemies at once.
Your skin changes colour to match your surroundings (Stealth+).
Your rubbery body absorbs attacks. (AC +1, EV +1)


Message History

Something closely misses your crimson imp.
The gnoll hits you from afar with a +0 spear.
Your crimson imp closely misses the gnoll.
The gnoll closely misses you.
You hit the gnoll but do no damage. Your grab misses the gnoll.
Something closely misses your crimson imp.
The gnoll hits you from afar with a +0 spear!
Your crimson imp barely misses the gnoll.
You barely miss the gnoll. Your grab misses the gnoll. The gnoll misses you.
Something hits your crimson imp! The gnoll misses you.
Your crimson imp hits the gnoll.
You barely miss the gnoll. You grab the gnoll.
You squeeze the gnoll, but do no damage.
You constrict the gnoll, but do no damage.
The gnoll closely misses you.
Something barely misses your crimson imp.
The gnoll closely misses you.
Your crimson imp hits the gnoll.
You hit the gnoll but do no damage. You constrict the gnoll.
The gnoll hits you with a +0 halberd!
You die...

#........#g#### #
#.#...........#
...#####รท##.##.#
#### #.##<# ..
#..g.###...#
#.5.5......#
#g########## #g#
#@# #.# #.# #.#
#.# #.# #### ##


You could see 2 gnolls and a friendly crimson imp (summoned).

Vanquished Creatures
  A gnoll (D:2)
  An adder (D:2)
  A dart slug (D:1)
  A leopard gecko (D:1)
  A ball python (D:1)
  2 giant cockroaches (D:1)
  6 goblins
  6 hobgoblins
  6 jackals (D:1)
  2 quokkas (D:2)
  5 bats
  8 frilled lizards
  4 kobolds
  4 rats
48 creatures vanquished.

Notes
Turn   | Place    | Note
-------+----------+-------------------------------------------
     0 | D:1      | thiole the Octopode Hedge Wizard began the quest for the
                  | Orb.
     0 | D:1      | Reached XP level 1. HP: 11/11 MP: 4/4
   221 | D:1      | Reached XP level 2. HP: 17/17 MP: 1/6
   629 | D:1      | Reached XP level 3. HP: 21/21 MP: 0/7
  1574 | D:2      | Reached XP level 4. HP: 27/27 MP: 5/9
  1754 | D:1      | Learned a level 2 spell: Call Imp
  1758 | D:1      | Learned a level 3 spell: Mephitic Cloud
  1779 | D:2      | Slain by a gnoll

Illustrated notes

Levels and vault maps discovered:
D:1:      wander_arrival_desolate, layout_basic
D:2:      layout_rooms, nicolae_overflow_hidden_temple, minivault_26

Skill      XL: |  1  2  3 |
---------------+----------+-----
Stealth        | 3 |  3.8
Summonings     | 2 |  2.0
Conjurations   | 2 |  2.0
Dodging        | |  2.0
Spellcasting   | |  3.5
Translocations | |  1.0
Air Magic      | |  0.1
Poison Magic   | |  0.2

Action                   |  1- 3 |  4- 6 || total
-------------------------+-------+-------++-------
Melee: Dagger            |    52 |    12 ||    64
       Constrict         |    10 |     3 ||    13
       Tentacles         |     6 |     3 ||     9
 Cast: Magic Dart        |    76 |    10 ||    86
       Call Imp          |       |     3 ||     3
  Use: Scroll            |     1 |       ||     1
       Potion            |       |     1 ||     1
Armor: Skin              |     4 |       ||     4
Dodge: Dodged            |    39 |    13 ||    52
